 Dungeon Crawl Stone Soup version 0.29.0-4-gdea44cf6ec (webtiles) character file.

Game seed: 2172700706295220152

535 qw the Chopper (level 7, -2/40 HPs)
             Began as a Tengu Warper on Aug 28, 2022.
             Slain by a gnoll
             ... wielding a +0 halberd
             ... led by a gnoll bouda
              (8 damage)
             ... on level 4 of the Dungeon.
             The game lasted 00:00:21 (3439 turns).

qw the Chopper (Tengu Warper)                       Turns: 3439, Time: 00:00:21

Health: -2/40      AC:  9    Str: 13    XL:     7   Next: 25%
Magic:  11/11      EV:  5    Int: 14    God:
Gold:   221        SH:  9    Dex: 13    Spells: 10/10 levels left

rFire   . . .      SeeInvis .   e - +2 broad axe (vorpal)
rCold   . . .      Faith    .   h - +0 kite shield
rNeg    . . .      Spirit   .   a - +0 chain mail
rPois   .          Reflect  .   (helmet restricted)
rElec   .          Harm     .   j - +0 cloak
rCorr   .          Rampage  .   (no gloves)
Will    .....                   (boots unavailable)
Stlth   ..........              (no amulet)
HPRegen 0.13/turn               (no ring)
MPRegen 0.12/turn               (no ring)

@: weakened, flying quickly and evasively, quick
A: beak, talons 3, nimble flight
a: no special abilities


You were on level 4 of the Dungeon.
You visited 1 branch of the dungeon, and saw 4 of its levels.

You collected 221 gold pieces.


Innate Abilities, Weirdness & Mutations

You have a beak for a mouth.
You have claws for feet.
Your magical nature lets you fly swiftly and evasively.


   Skills:
 - Level 2.0 Fighting
 - Level 6.9 Axes
 - Level 1.0 Throwing
 - Level 2.0 Armour
 - Level 2.1 Dodging
 + Level 3.8 Shields
 - Level 2.0 Spellcasting
 - Level 2.4 Translocations


You had 10 spell levels left.
You didn't know any spells.
Your spell library contained the following spells:

 Spells                   Type           Power      Damage    Failure   Level
 Blink                    Tloc           16%        N/A       100%        2
 Gell's Gravitas          Tloc           8%         N/A       100%        3
 Lesser Beckoning         Tloc           8%         N/A       100%        3
 Teleport Other           Tloc           8%         N/A       100%        3
 Manifold Assault         Tloc           8%         N/A       100%        5

Inventory:

Hand Weapons
 e - a +2 vorpal broad axe (weapon)
 l - a +2 vorpal mace
Armour
 a - a +0 chain mail (worn)
 h - a +0 kite shield (worn)
 j - a +0 cloak (worn)
Scrolls
 g - a scroll of noise {unknown}
Potions
 b - a potion of degeneration {unknown}
 c - a potion of might
 d - a potion of resistance {unknown}
 f - a potion of flight {unknown}
 i - a potion of brilliance {unknown}
 m - a potion of haste {unknown}
 n - 2 potions of mutation {unknown}

Dungeon Overview and Level Annotations

Branches:
Dungeon (4/15)
 Temple: D:4-7

Altars:

Shops:
D:1 :

Annotations:
D:3 Natasha


Message History

You hit the gnoll.
The gnoll is severely wounded.
The gnoll bouda barks out a call to the hunt!
The gnoll picks up the pace!
You block the gnoll's attack.
You hit the gnoll. Your kick misses the gnoll.
The gnoll is almost dead.
The gnoll hits you but does no damage.
You slash the gnoll!
You kill the gnoll!
You hit the gnoll bouda.
A gnoll comes into view. It is wielding a +0 halberd.
The gnoll bouda gazes fiercely through you!
You feel your attacks grow feeble.
You hit the gnoll bouda. You claw the gnoll bouda.
You peck the gnoll bouda, but do no damage.
The gnoll bouda is heavily wounded.
The gnoll hits you from afar with a +0 halberd!
The gnoll bouda hits you but does no damage.
The gnoll barely misses you.
The gnoll bouda hits you with a +0 club.
You barely miss the gnoll bouda.
The gnoll bouda is heavily wounded.
The gnoll hits you from afar with a +0 halberd!
You block the gnoll bouda's attack.
You hit the gnoll bouda but do no damage.
You claw the gnoll bouda. You peck the gnoll bouda.
The gnoll bouda is almost dead.
The gnoll hits you from afar with a +0 halberd!
The gnoll bouda gazes fiercely through you!
You feel as though you will be weak longer.
The gnoll bouda barely misses you.
The gnoll hits you from afar with a +0 halberd.
You closely miss the gnoll bouda.
The gnoll bouda is almost dead.
The gnoll bouda gazes fiercely through you!
You feel as though you will be weak longer.
You block the gnoll bouda's attack.
The gnoll hits you from afar with a +0 halberd!
You die...

...........'.........'.......#
###.#.....##.........#.##...##
# #.#..#### #.......##.##..##
# # #.## ##.....###....... .
..# ##...## #### ## # .###
##'## # #. #.# .# #.#.# #@)#
#.g.# #....g. ##...#.# ##..#.#
...? . #.## ## #.#


You could see a gnoll bouda and a gnoll (swift).

Vanquished Creatures
  Sigmund (D:3)
  An ogre (D:4)
  A scorpion (D:4)
  Natasha (D:3)
  2 orc wizards (D:4)
  Robin (D:3)
  4 adders
  2 gnolls (D:4)
  An ufetubus (D:4)
  A worm (D:2)
  2 dart slugs (D:1)
  An orc (D:4)
  6 bats
  6 endoplasms
  A giant cockroach (D:2)
  13 goblins
  15 hobgoblins
  3 jackals (D:1)
  4 kobolds
  2 quokkas
  3 ball pythons
  8 frilled lizards
  10 rats
89 creatures vanquished.

Notes
Turn   | Place    | Note
-------+----------+-------------------------------------------
     0 | D:1      | qw the Tengu Warper began the quest for the Orb.
     0 | D:1      | Reached XP level 1. HP: 12/12 MP: 4/4
     0 | D:1      | 0 ||| qw: Version: 0.1-a-89-g26bdef1
     0 | D:1      | 0 ||| qw: Game counter: 2521
     0 | D:1      | 0 ||| qw: Always use a shield: true
     0 | D:1      | 0 ||| qw: God list: Okawaru
     0 | D:1      | 0 ||| qw: Allow faded altars: false
     0 | D:1      | 0 ||| qw: Do Orc after D:15 true
     0 | D:1      | 0 ||| qw: Do second Lair branch before Depths: true
     0 | D:1      | 0 ||| qw: Lair rune preference: random
     0 | D:1      | 0 ||| qw: Plans: Normal
     0 | D:1      | 0 ||| PLANNING D:1-11
   139 | D:1      | Reached XP level 2. HP: 17/17 MP: 6/6
   140 | D:1      | Reached skill level 3 in Axes
   157 | D:1      | 157 ||| Stepping ~*~*~tactically~*~*~ (stealth).
   159 | D:1      | 159 ||| Stepping ~*~*~tactically~*~*~ (stealth).
   236 | D:1      | Found Wypsuar's Book Shop.
   252 | D:1      | 252 ||| Stepping ~*~*~tactically~*~*~ (stealth).
   255 | D:1      | 255 ||| Stepping ~*~*~tactically~*~*~ (stealth).
   471 | D:1      | Reached XP level 3. HP: 21/21 MP: 7/7
   540 | D:1      | 540 ||| Stepping ~*~*~tactically~*~*~ (hiding).
   729 | D:1      | Reached skill level 4 in Axes
   730 | D:1      | Found a faded altar of an unknown god.
   967 | D:1      | 967 ||| UPGRADING to +0 scale mail.
   977 | D:1      | 977 ||| DROPPING +0 leather armour.
   978 | D:1      | 978 ||| UPGRADING to +0 cloak.
   983 | D:1      | 983 ||| READING scroll labelled QYSSEO MOFO.
   984 | D:1      | 984 ||| READING scroll labelled SIJUD CIPPE.
   985 | D:1      | 985 ||| READING scroll labelled TOYSAI QELEUCU.
   986 | D:1      | 986 ||| DROPPING scroll of blinking.
  1124 | D:2      | 1124 ||| READING scroll of enchant weapon.
  1124 | D:2      | 1124 ||| ENCHANTING +1 hand axe.
  1261 | D:2      | Reached XP level 4. HP: 26/26 MP: 8/8
  1731 | D:2      | 1731 ||| FLEEEEING.
  1732 | D:2      | 1732 ||| FLEEEEING.
  1733 | D:2      | 1733 ||| FLEEEEING.
  1738 | D:2      | 1738 ||| FLEEEEING.
  1739 | D:2      | 1739 ||| FLEEEEING.
  1740 | D:2      | 1740 ||| FLEEEEING.
  1741 | D:2      | 1741 ||| FLEEEEING.
  1742 | D:2      | 1742 ||| FLEEEEING.
  1750 | D:2      | 1750 ||| FLEEEEING.
  1751 | D:2      | 1751 ||| FLEEEEING.
  1755 | D:2      | 1755 ||| FLEEEEING.
  1756 | D:2      | 1756 ||| FLEEEEING.
  1757 | D:2      | 1757 ||| FLEEEEING.
  1758 | D:2      | 1758 ||| FLEEEEING.
  1759 | D:2      | 1759 ||| FLEEEEING.
  1760 | D:2      | 1760 ||| FLEEEEING.
  1761 | D:2      | 1761 ||| FLEEEEING.
  1762 | D:2      | 1762 ||| FLEEEEING.
  1970 | D:2      | Identified the +4 sling of the Desert {vorpal, *Slow rF+++
                  | Int+7 Dex-5}
  2029 | D:2      | 2029 ||| UPGRADING to +0 chain mail.
  2039 | D:2      | 2039 ||| DROPPING +0 scale mail.
  2040 | D:2      | 2040 ||| READING scroll labelled JIWULAIR ICUAMIX.
  2163 | D:3      | 2163 ||| DROPPING +0 whip.
  2215 | D:3      | Noticed Natasha
  2221 | D:3      | Killed Natasha
  2222 | D:3      | Reached skill level 5 in Axes
  2396 | D:3      | Gained mutation: Your magical nature lets you fly swiftly
                  | and evasively. [Tengu growth]
  2396 | D:3      | Reached XP level 5. HP: 30/30 MP: 9/9
  2489 | D:3      | 2489 ||| Stepping ~*~*~tactically~*~*~ (stealth).
  2491 | D:3      | 2491 ||| Stepping ~*~*~tactically~*~*~ (stealth).
  2494 | D:3      | 2494 ||| Stepping ~*~*~tactically~*~*~ (stealth).
  2553 | D:3      | 2553 ||| Stepping ~*~*~tactically~*~*~ (hiding).
  2554 | D:3      | 2554 ||| Stepping ~*~*~tactically~*~*~ (hiding).
  2555 | D:3      | 2555 ||| Stepping ~*~*~tactically~*~*~ (hiding).
  2558 | D:3      | 2558 ||| Stepping ~*~*~tactically~*~*~ (hiding).
  2570 | D:3      | 2570 ||| Stepping ~*~*~tactically~*~*~ (stealth).
  2585 | D:3      | Noticed Robin
  2586 | D:3      | 2586 ||| Stepping ~*~*~tactically~*~*~ (stealth).
  2587 | D:3      | Noticed Sigmund
  2588 | D:3      | 2588 ||| Stepping ~*~*~tactically~*~*~ (hiding).
  2592 | D:3      | 2592 ||| Stepping ~*~*~tactically~*~*~ (hiding).
  2607 | D:3      | Killed Sigmund
  2608 | D:3      | Reached skill level 6 in Axes
  2608 | D:3      | Reached XP level 6. HP: 11/35 MP: 10/10
  2609 | D:3      | HP: 6/35 [constriction (3)]
  2613 | D:3      | 2613 ||| DRINKING potion of heal wounds.
  2615 | D:3      | Killed Robin
  2709 | D:3      | Noticed Natasha
  2710 | D:3      | 2710 ||| Stepping ~*~*~tactically~*~*~ (stealth).
  2711 | D:3      | 2711 ||| Stepping ~*~*~tactically~*~*~ (stealth).
  2730 | D:3      | 2730 ||| UPGRADING to +0 kite shield.
  2735 | D:3      | 2735 ||| READING scroll labelled UMORAE SOFRALI.
  2735 | D:3      | Identified a scroll of acquirement
  2735 | D:3      | 2735 ||| ACQUIRING +2 vorpal broad axe
  2735 | D:3      | Acquired a +2 vorpal broad axe
  2737 | D:3      | 2737 ||| SWAPPING to +2 vorpal broad axe.
  2738 | D:3      | 2738 ||| DROPPING +2 hand axe.
  2739 | D:3      | 2739 ||| DRINKING 2 glowing red potions.
  2740 | D:3      | 2740 ||| DRINKING 2 bubbling grey potions.
  2769 | D:3      | 2769 ||| DROPPING potion of lignification.
  2990 | D:4      | HP: 2/35 [ogre/+0 giant spiked club (33)]
  3055 | D:4      | 3055 ||| Stepping ~*~*~tactically~*~*~ (stealth).
  3067 | D:4      | HP: 7/35 [scorpion (4)]
  3071 | D:4      | Reached skill level 3 in Shields
  3071 | D:4      | Reached XP level 7. HP: 9/40 MP: 11/11
  3323 | D:4      | 3323 ||| Stepping ~*~*~tactically~*~*~ (hiding).
  3438 | D:4      | HP: 9/40 [gnoll/+0 halberd[a gnoll bouda] (11)]
  3439 | D:4      | Slain by a gnoll

Levels and vault maps discovered:
D:1:      pf_arrival_petrified_forest, layout_loops_ring, serial_shops,
          shop_fountains, dreamdust_ecumenical_altar_statues,
          minmay_rat_gold_closets
D:2:      layout_basic
D:3:      layout_rooms, hangedman_feature_mirror, st_stairs_8,
          minmay_misc_feat_secret_circle, minmay_statues_item, uniq_robin,
          uniq_sigmund, uniq_natasha
D:4:      layout_loops_corners, uniq_pikel

Skill      XL: |  1  2  3  4  5  6 |
---------------+-------------------+-----
Axes           | 3 4 5 6 |  6.9
Armour         | 2 |  2.0
Shields        | 3 |  3.8
Fighting       | |  2.0
Throwing       | |  1.0
Dodging        | |  2.1
Spellcasting   | |  2.0
Translocations | |  2.4

Action                   |  1- 3 |  4- 6 |  7- 9 || total
-------------------------+-------+-------+-------++-------
Melee: Hand axe          |    76 |    97 |       ||   173
       Peck              |     9 |    12 |     6 ||    27
       Kick              |    15 |    38 |     4 ||    57
       Punch             |       |     2 |       ||     2
       Broad axe         |       |    29 |    25 ||    54
Throw: Boomerang         |     7 |       |       ||     7
  Use: Scroll            |     4 |     2 |       ||     6
       Potion            |       |     3 |       ||     3
Armor: Leather armour    |     8 |       |       ||     8
       Scale mail        |     8 |     5 |       ||    13
       Chain mail        |       |    52 |    15 ||    67
Dodge: Dodged            |    38 |    27 |     8 ||    73
Block: Kite shield       |       |    15 |    15 ||    30

Table legend:
 A = Non-vault XP
 B = Vault XP
 C = Vault XP percentage of total XP
 D = Non-vault monster count
 E = Vault monster count
 F = Vault count percentage of total count
                 A         B        C        D         E       F
            +---------+---------+-------+---------+---------+-------
      Total |     466 |     299 |  39.1 |      64 |      25 |  28.1
            +---------+---------+-------+---------+---------+-------
        D:1 |      43 |       8 |  15.7 |      21 |       8 |  27.6
        D:2 |      50 |       0 |   0.0 |      16 |       0 |   0.0
        D:3 |      32 |     291 |  90.1 |      12 |      17 |  58.6
        D:4 |     341 |       0 |   0.0 |      15 |       0 |   0.0
            +---------+---------+-------+---------+---------+-------
